AoeStats
← MJP

Arena

510364958Analyzed
1v1 RM · 11h ago on Sep 30, 2026· 63m 15s· 2 players
Game mode
Random Map
Map size
Tiny (2 player)
Population
200
Speed
Normal
Resources
Standard
Victory
Conquest
Starting age
Dark Age
Ending age
Imperial Age
RankedLock teamsTeams togetherTeam positionsShared explorationLock speedFull tech treeHidden civsTurbo modeCheats
Victory
Defeat
🇦🇹 Lithuanians · Austria
860
+15
🇸🇮 Japanese · Slovenia
846
-15
Haaveilen
3:52 Loom
7:38 Loom
8:14 Loom
10:13 Feudal Age
10:51 Horse Collar
11:02 Double-Bit Axe
13:01 Wheelbarrow
18:40 Castle Age
18:47 Gold Mining
18:48 Stone Mining
20:35 Gold Shaft Mining
21:04 Bow Saw
23:50 Man-at-Arms
26:37 Pikeman
27:18 Squires
30:27 Hand Cart
32:55 Imperial Age
32:44 Arson
33:15 Forging
33:06 Scale Mail Armor
32:59 Fletching
33:09 Padded Archer Armor
34:12 Halberdier
36:41 Conscription
36:43 Kataparuto
37:37 Parthian Tactics
36:32 Heavy Cavalry Archer
37:49 Iron Casting
37:29 Chain Mail Armor
37:31 Leather Archer Armor
45:10 Onager
46:26 Ballistics
53:17 Capped Ram
53:45 Elite Samurai
MJP
10:27 Feudal Age
14:19 Castle Age
14:03 Double-Bit Axe
16:59 Loom
19:55 Horse Collar
23:55 Forging
24:32 Husbandry
25:49 Bloodlines
25:49 Town Watch
26:28 Scale Barding Armor
27:16 Heavy Plow
28:59 Wheelbarrow
29:27 Iron Casting
29:59 Chain Barding Armor
29:30 Fletching
29:59 Gold Mining
30:01 Stone Mining
30:26 Bow Saw
30:38 Hand Cart
30:53 Ballistics
30:14 Treadmill Crane
30:55 Scale Mail Armor
31:35 Fortified Wall
31:36 Masonry
31:49 Town Patrol
35:37 Imperial Age
33:18 Bodkin Arrow
33:33 Man-at-Arms
34:23 Squires
35:03 Long Swordsman
37:11 Plate Barding Armor
37:30 Hoardings
37:52 Murder Holes
38:28 Architecture
37:37 Two-Handed Swordsman
39:44 Champion
43:31 Chain Mail Armor
43:17 Bracer
43:35 Light Cavalry
44:58 Cavalier
49:38 Conscription
51:07 Paladin
52:53 Stone Shaft Mining
54:24 Thumb Ring
53:42 Elite Skirmisher
54:33 Padded Archer Armor
54:43 Pikeman
55:28 Tower Shields
Connection lost

Rejoining the realm…

Still unreachable

The connection could not be restored.

Session expired

The server has moved on; the page needs a fresh start.